Map: Triton LE

Players

RomanWin - Winner!

  • Race: Protoss Protoss
  • League: Gold
  • Spawn Location: 5:00

eSka

  • Race: Protoss Protoss
  • Spawn Location: 11:00

VOD

Have the link to the VOD?

Description

Time

  • Played on: Dec. 6, 2019, 1:28 p.m.
  • Length: 3:12
Show
View Real Time Build Order
Export as new Build Order

RomanWin Protoss - Winner!

Build Orders:  

Get SALT Encoding   

  12  0:03  Probe (Chrono Boost)  
  13  0:13  Probe (Chrono Boost)  
  14  0:18  Probe (Chrono Boost)  
  15  0:39  Pylon  
  15  0:57  Probe  
  15  0:59  Gateway  
  15  1:00  Gateway  
  16  1:09  Gateway, Probe (Chrono Boost)  
  17  1:16  Assimilator  
  17  1:20  Probe (Chrono Boost)  
  18  1:25  Probe (Chrono Boost)  
  18  1:30  Pylon  
  19  1:35  Probe  
  20  1:48  Zealot x2  
  20  1:52  Cybernetics Core  
  24  1:59  Zealot (Chrono Boost)  
  26  2:14  Zealot (Chrono Boost)  
  30  2:23  Zealot (Chrono Boost)  
  30  2:33  Pylon  
  30  2:34  Robotics Facility  
  30  2:40  Pylon  
  32  3:11  Assimilator  
Show
View Real Time Build Order
Export as new Build Order

eSka Protoss 

Build Orders: 1 Gate Expand 

Get SALT Encoding   

  12  0:00  Probe  
  13  0:12  Probe  
  14  0:17  Pylon  
  14  0:24  Probe (Chrono Boost)  
  16  0:36  Probe (Chrono Boost)  
  16  0:38  Gateway  
  16  0:45  Assimilator  
  16  0:48  Probe  
  17  1:00  Probe (Chrono Boost)  
  19  1:11  Probe (Chrono Boost)  
  19  1:16  Probe (Chrono Boost)  
  20  1:27  Nexus  
  20  1:34  Cybernetics Core  
  20  1:44  Assimilator  
  20  1:49  Pylon  
  20  2:08  Stalker (Chrono Boost)  
  22  2:35  Pylon  
  22  2:36  Pylon  
  24  2:47  Gateway x2  
Tags
 
League
Gold
Matchup
PvP
Spawn Locations
Cross Positions
Add a new tag
Caveats
  • Supply blocks, unpowered buildings, or Contaminate may cause inaccurate times.
  • Supply counts are checked every 10 seconds.